 Dungeon Crawl Stone Soup version 0.22-a0-570-g58866f5 (webtiles) character file.

5787 vinnietd the Cleaver (level 10, -8/118 (121) HPs)
             Began as a Hill Orc Monk on June 29, 2018.
             Was a Believer of Beogh.
             Mangled by Gastronok (22 damage)
             ... on level 8 of the Dungeon on June 30, 2018.
             The game lasted 00:19:21 (10728 turns).

vinnietd the Cleaver (Hill Orc Monk)               Turns: 10728, Time: 00:19:23

HP:   -8/118 (121)  AC: 19    Str: 23    XL:     10   Next: 79%
MP:   18/18         EV: 12    Int: 10    God:    Beogh [**....]
Gold: 531           SH:  0    Dex: 13    Spells: 9/9 levels left

rFire    . . .     SeeInvis +   n - +7 executioner's axe (flame)
rCold    . . .     Gourm    .   (shield currently unavailable)
rNeg     . . .     Faith    .   q - +0 plate armour
rPois    .         Spirit   .   t - +1 hat
rElec    .         Reflect  .   (no cloak)
rCorr    .         Harm     .   j - +0 pair of gloves
MR       .....                  l - +1 pair of boots
Stlth    ..........             e - amulet of rage
HPRegen  0.29/turn              a - +4 ring of evasion
MPRegen  0.16/turn              b - ring of see invisible

@: berserking, very quick
A: no striking features
a: Smiting, Renounce Religion, Evoke Berserk Rage


You were on level 8 of the Dungeon.
You worshipped Beogh.
Beogh was pleased with you.
You were not hungry.

You visited 1 branch of the dungeon, and saw 8 of its levels.
You also visited: Bailey.

You collected 531 gold pieces.

Inventory:

Hand Weapons
 k - a +0 longbow of flaming
 n - a +7 executioner's axe of flaming (weapon)
 x - a +0 war axe
Missiles
 m - 13 javelins of returning (quivered)
Armour
 j - a +0 pair of gloves (worn)
 l - a +1 pair of boots (worn)
 q - a +0 plate armour (worn)
 t - a +1 hat (worn)
Jewellery
 a - a +4 ring of evasion (left hand)
 b - a ring of see invisible (right hand)
 e - an amulet of rage (around neck)
Wands
 o - a wand of disintegration (21)
 w - a wand of random effects (40)
Scrolls
 f - a scroll of enchant weapon
 g - 2 scrolls of identify {@r1}
 h - 2 scrolls of remove curse {@r2}
 r - 2 scrolls of magic mapping
 s - a scroll of fear
 v - a scroll of random uselessness
Potions
 d - 2 potions of curing {@q1}
 i - a potion of brilliance
 p - a potion of flight
Comestibles
 c - 6 rations


   Skills:
 + Level 5.3 Fighting
 + Level 12.3 Axes
 + Level 9.4 Armour
 - Level 2.4 Dodging
 - Level 3.1 Stealth
 - Level 10.8 Invocations


You had 9 spell levels left.
You didn't know any spells.
Your spell library contained the following spells:

 Spells                   Type           Power        Failure   Level  Hunger
 Fireball                 Conj/Fire      #.........   100%        5    ######.
 Conjure Flame            Conj/Fire      #.......     100%        3    ####...
 Throw Flame              Conj/Fire      #.....       100%        2    ###....
 Animate Dead             Necr           N/A          100%        4    #####..
 Pain                     Necr           #...         99%         1    ##.....
 Animate Skeleton         Necr           N/A          99%         1    ##.....
 Vampiric Draining        Necr           #.........   100%        3    ####...
 Sticky Flame             Conj/Fire      #.......     100%        4    #####..
 Regeneration             Chrm/Necr      #.........   100%        3    ####...
 Flame Tongue             Conj/Fire      #....        99%         1    ##.....
 Inner Flame              Hex/Fire       #.......     100%        3    ####...


Dungeon Overview and Level Annotations

Branches:
Dungeon (8/15)
 Temple: D:4-7         Lair: D:8-11

Altars:
Ashenzari
Cheibriados
Fedhas
Kikubaaqudgha
Makhleb
Nemelex Xobeh
Trog
Wu Jian
Yredelemnul
The Shining One

Annotations:
D:8 Gastronok


Message History

You feel quite a bit more hungry.
Your plate armour prevents you from hitting Gastronok.
Gastronok bubbles merrily.
You slice Gastronok!! You burn Gastronok!
Gastronok is moderately wounded.
You slice Gastronok!! You burn Gastronok.
Gastronok is moderately wounded.
Gastronok bites you!
* * * LOW HITPOINT WARNING * * *
You hit Gastronok. You burn Gastronok.
Gastronok is heavily wounded.
Your plate armour prevents you from hitting the orc.
The orc closely misses you.
You slash Gastronok! You burn Gastronok.
Gastronok is heavily wounded.
You slice the orc!! You burn the orc.
You kill the orc!
Beogh accepts your kill. Gastronok bites you!!
You die...

#...........
######...........
#.§.....<........
##.§§§.(..........
#..§§§§#..........
#§.§§§.##.....#...
#......#..##### ##
.##....)##.##
.......)@wo#
.##.....####
#....## #....
#...! #>... .....#
.####


You could see Gastronok and an orc.

Vanquished Creatures
  A two-headed ogre (D:7)
  Psyche (D:8)
  Sigmund (D:6)
  Eustachio (D:4)
  Edmund (D:5)
  A hornet zombie (D:8)
  An ice beast (D:5)
  A sky beast (D:6)
  A black bear (D:6)
  11 orc warriors
  A phantom (D:4)
  3 ogres
  9 centaurs
  3 necrophages (D:7)
  6 bullfrogs
  A scorpion (D:7)
  5 wights
  5 hounds
  A gnoll shaman (D:5)
  2 orc priests (D:4)
  An iguana (D:6)
  12 orc wizards
  5 worker ants
  A killer bee zombie (D:8)
  2 hound skeletons
  A howler monkey zombie (D:5)
  2 worker ant zombies
  7 gnolls
  A river rat (D:4)
  8 adders
  4 shadow imps
  2 adder zombies (D:5)
  3 worms
  A dart slug (D:1)
  5 leopard geckos
  40 orcs
  2 ball pythons
  7 giant cockroaches
  10 goblins
  13 hobgoblins
  3 jackals (D:4)
  9 kobolds
  A quokka (D:5)
  8 bats
  6 frilled lizards
  A jackal skeleton (D:4)
  2 quokka skeletons
  8 rats
221 creatures vanquished.

Vanquished Creatures (collateral kills)
  An orc (Bailey)
1 creature vanquished.

Vanquished Creatures (others)
  2 orcs (Bailey)
  A kobold (D:3)
  2 withered plants (D:8)
5 creatures vanquished.

Grand Total: 227 creatures vanquished

Notes
Turn   | Place    | Note
-------+----------+-------------------------------------------
     0 | D:1      | vinnietd the Hill Orc Monk began the quest for the Orb.
     0 | D:1      | Reached XP level 1. HP: 19/19 MP: 1/1
   114 | D:1      | Reached XP level 2. HP: 20/26 MP: 2/2
   577 | D:1      | Reached XP level 3. HP: 20/31 MP: 3/3
  1310 | D:2      | Reached skill level 5 in Axes
  2047 | D:3      | Reached XP level 4. HP: 37/39 MP: 4/4
  2178 | D:3      | Found a shattered altar of Ashenzari.
  2764 | D:3      | Became a worshipper of Beogh the Brigand
  2764 | D:3      | Reached * piety under Beogh
  2764 | D:3      | Reached ** piety under Beogh
  3182 | D:3      | Found a burning altar of Makhleb.
  3185 | D:3      | Found a sparkling altar of Nemelex Xobeh.
  3205 | D:3      | Found a snail-covered altar of Cheibriados.
  3208 | D:3      | Found a bloodstained altar of Trog.
  3209 | D:3      | Found a blossoming altar of Fedhas.
  3210 | D:3      | Found a basalt altar of Yredelemnul.
  3212 | D:3      | Found an ornate altar of the Wu Jian Council.
  3213 | D:3      | Found a glowing golden altar of the Shining One.
  3214 | D:3      | Found an ancient bone altar of Kikubaaqudgha.
  3465 | D:4      | Noticed a bullfrog
  3478 | D:4      | Killed a bullfrog
  3478 | D:4      | Reached skill level 6 in Axes
  3478 | D:4      | Reached skill level 1 in Armour
  3478 | D:4      | Reached XP level 5. HP: 42/45 MP: 5/5
  3670 | D:3      | Reached XP level 6. HP: 46/51 MP: 6/6
  3806 | D:4      | Found the +6 Majin-Bo {vamp, Archmagi MP+6 Int+6}
  3871 | D:4      | Reached skill level 7 in Axes
  3941 | D:4      | You fall through a shaft!
  3941 | D:5      | Entered Level 5 of the Dungeon
  3957 | D:5      | Noticed an ice beast
  3983 | D:5      | Killed an ice beast
  3983 | D:5      | Reached XP level 7. HP: 17/57 MP: 7/7
  4326 | D:4      | Reached skill level 8 in Axes
  4411 | D:4      | Found a basalt altar of Yredelemnul.
  4452 | D:4      | Noticed Eustachio
  4494 | D:4      | Killed Eustachio
  4748 | D:4      | Reached skill level 5 in Armour
  5398 | D:4      | Reached skill level 9 in Axes
  5398 | D:4      | Reached XP level 8. HP: 54/64 MP: 8/8
  5454 | D:5      | Reached skill level 1 in Invocations
  5467 | D:5      | Noticed Edmund
  5478 | D:5      | Killed Edmund
  6322 | D:6      | Noticed Sigmund
  6332 | D:6      | Killed Sigmund
  6332 | D:6      | Reached skill level 5 in Invocations
  6762 | D:6      | Found a burning altar of Makhleb.
  6788 | D:6      | Reached skill level 10 in Axes
  6790 | D:6      | Reached XP level 9. HP: 31/70 MP: 6/13
  8117 | D:7      | Found a bloodstained altar of Trog.
  8180 | D:7      | Reached *** piety under Beogh
  8198 | D:7      | Found a flagged portal.
  8283 | Bailey   | Entered a bailey
  8285 | Bailey   | Reached skill level 11 in Axes
  8611 | Bailey   | Reached XP level 10. HP: 12/77 MP: 13/17
  9008 | Bailey   | Identified a scroll of acquirement
  9250 | Bailey   | Reached skill level 10 in Invocations
 10284 | D:7      | Upgraded the game from 0.22-a0-568-g270d1ae to 0.22-a0-570-g58866f5
 10599 | D:8      | Noticed a two-headed ogre
 10619 | D:7      | Killed a two-headed ogre
 10619 | D:7      | Reached skill level 12 in Axes
 10686 | D:8      | Noticed Psyche
 10694 | D:8      | Killed Psyche
 10694 | D:8      | Reached skill level 5 in Fighting
 10708 | D:8      | Noticed Gastronok
 10728 | D:8      | Mangled by Gastronok

Vault maps used:
D:1:      kilobyte_arrival_exit_the_forest
D:2:      first_ration
D:3:      minitemple, nicolae_ashenzari_panopticon
D:4:      minmay_temple_entry_from_below_a, lightli_sewer_entry_pipes,
          yredelemnul_altar_generic, uniq_eustachio
D:5:      uniq_edmund
D:6:      minmay_flawed_box, makhleb_heckhound_becter, uniq_sigmund
D:7:      enter_bailey_3, trog_hazing_becter
D:8:      basic_altar, serial_undead, serial_undead_e, serial_undead_e,
          serial_undead_e, serial_undead_d, serial_undead_a, serial_undead_a,
          serial_undead_a, hangedman_pestilent_swarm, uniq_gastronok,
          uniq_psyche
Bailey:   bailey_polearm_flooded_kennysheep, bailey

Skill      XL: |  1  2  3  4  5  6  7  8  9 10 |
---------------+-------------------------------+-----
Stealth        | 2 3 |  3.1
Axes           | 5 6 7 9 10 11 12 | 12.3
Armour         | 1 2 4 5 6 8 9 |  9.4
Invocations    | 6 9 10 | 10.8
Fighting       | 5 |  5.3
Dodging        | |  2.4

Action                   |  1- 3 |  4- 6 |  7- 9 | 10-12 || total
-------------------------+-------+-------+-------+-------++-------
Melee: Hand axe          |   143 |   251 |    69 |       ||   463
       War axe           |       |       |   467 |    89 ||   556
       Executioner's axe |       |       |       |    49 ||    49
Throw: Javelin           |       |       |       |     7 ||     7
Invok: Convert to Beogh  |       |     1 |       |       ||     1
       Smiting           |       |       |    15 |    14 ||    29
 Abil: Evoke Berserk Rag |       |       |     2 |     2 ||     4
  Use: Scroll            |     5 |     4 |     1 |     3 ||    13
       Potion            |       |       |     7 |       ||     7
 Stab: Sleeping          |     6 |       |       |       ||     6
       Invisible         |       |       |     6 |       ||     6
  Eat: Chunk             |     4 |     6 |     6 |     1 ||    17
       Ration            |       |       |     3 |     3 ||     6
Armor: Robe              |    31 |       |       |       ||    31
       Plate armour      |    24 |   213 |   410 |   111 ||   758
Dodge: Dodged            |    77 |    71 |   233 |   164 ||   545

Table legend:
 A = Spawn XP
 B = Non-spawn XP
 C = Spawn XP percentage of total XP
 D = Spawn monster count
 E = Non-spawn monster count
 F = Spawn count percentage of total count
 G = Total turns spent on level
                    A         B        C        D         E        F      G
               +---------+---------+-------+---------+---------+-------+---------
         Total |       0 |    8268 |   0.0 |       0 |     223 |   0.0 | 10728
               +---------+---------+-------+---------+---------+-------+---------
           D:1 |       0 |      43 |   0.0 |       0 |      26 |   0.0 |  1241
           D:2 |       0 |      37 |   0.0 |       0 |      13 |   0.0 |   767
           D:3 |       0 |     132 |   0.0 |       0 |      26 |   0.0 |  1684
           D:4 |       0 |     889 |   0.0 |       0 |      25 |   0.0 |  1479
           D:5 |       0 |     792 |   0.0 |       0 |      23 |   0.0 |  1448
           D:6 |       0 |    1614 |   0.0 |       0 |      29 |   0.0 |  1236
           D:7 |       0 |    1792 |   0.0 |       0 |      38 |   0.0 |   877
           D:8 |       0 |     674 |   0.0 |       0 |       6 |   0.0 |    57
        Bailey |       0 |    2295 |   0.0 |       0 |      37 |   0.0 |  1939
               +---------+---------+-------+---------+---------+-------+---------
